| TOP OF THE 1ST |
|
Oklahoma State University Cowboys batting - Pitching for University of Illinois Fighting Illini : RHP Luis Pena
|
|
Pitching: RHP Luis Pena
|
|
|
Batting: RHB Frederik Koster
|
0-0: Called Strike 0-1: Swinging Strike 0-2: Ball 1-2: Strikes out looking
|
|
Batting: RHB Jon Guzman
|
0-0: Ball 1-0: Ball 2-0: Ball 3-0: Called Strike 3-1: Base on Balls
|
|
Batting: LHB Kyle David
|
0-0: Called Strike 0-1: Ball 1-1: Foul Ball, location: 2F 1-2: Ball 2-2: Foul Ball, location: 2F 2-2: Ball 3-2: Strikes out swinging Jon Guzman is caught stealing 2nd base 2-6 Batter strikes out.
|
| Top of the 1st over - 0 runs, 0 hits, 0 errors, 0 left on base; Oklahoma State University 0 - University of Illinois 0 |
| BOTTOM OF THE 1ST |
|
University of Illinois Fighting Illini batting - Pitching for Oklahoma State University Cowboys : LHP Zach Richards
|
|
Pitching: LHP Zach Richards
|
|
|
Batting: SHB Ryan Marsh
|
0-0: Called Strike 0-1: Swinging Strike 0-2: Ball 1-2: Ball 2-2: Foul Ball, location: 2F 2-2: Ball 3-2: Foul Ball, location: 2F 3-2: DOUBLE (Popup, 6MD, EV 71.9 MPH)
|
|
Pinch Runner at 2nd Lynn Shere:
|
|
|
Batting: RHB James Lewis
|
0-0: Foul Ball, location: 2F 0-1: SINGLE (Groundball, 56D, EV 100.0 MPH) Lynn Shere to third Runner from 3rd tries for Home, SAFE, throw by LF to home
|
|
Batting: LHB Stuart Parker
|
0-0: Ball 1-0: Foul Ball, location: 2F 1-1: Foul Ball, location: 2F 1-2: Ball 2-2: Grounds into double play, 4-6-3 (Groundball, 4D, EV 103.1 MPH)
|
|
Batting: RHB D.J. Sheldon
|
0-0: Ball 1-0: Foul Ball, location: 2F 1-1: Ball 2-1: Ball 3-1: Foul Ball, location: 2F 3-2: Ground out 6-3 (Groundball, 6S, EV 86.2 MPH)
|
| Bottom of the 1st over - 1 run, 2 hits, 0 errors, 0 left on base; Oklahoma State University 0 - University of Illinois 1 |
| TOP OF THE 2ND |
|
Oklahoma State University Cowboys batting - Pitching for University of Illinois Fighting Illini : RHP Luis Pena
|
|
Now at 2B: Lynn Shere
|
|
|
Batting: LHB Cory Rohr
|
0-0: Ball 1-0: Called Strike 1-1: Foul Ball, location: 2F 1-2: Ball 2-2: Ball 3-2: Fly out, F9 (Flyball, 9S, EV 86.9 MPH)
|
|
Batting: RHB Magnus Laursen
|
0-0: Called Strike 0-1: Ball 1-1: Called Strike 1-2: Ball 2-2: Ground out 6-3 (Groundball, 6, EV 106.9 MPH)
|
|
Batting: RHB Simon Gravitt
|
0-0: Fly out, F7 (Line Drive, 78M, EV 92.5 MPH)
|
| Top of the 2nd over - 0 runs, 0 hits, 0 errors, 0 left on base; Oklahoma State University 0 - University of Illinois 1 |
| BOTTOM OF THE 2ND |
|
University of Illinois Fighting Illini batting - Pitching for Oklahoma State University Cowboys : LHP Zach Richards
|
|
Batting: RHB Matt Lapthorne
|
0-0: Called Strike 0-1: Ball 1-1: Foul Ball, location: 2F 1-2: Ball 2-2: Ground out 5-3 (Groundball, 56, EV 103.8 MPH)
|
|
Batting: RHB Lance Borgen
|
0-0: Ball 1-0: Foul Ball, location: 2F 1-1: Foul Ball, location: 2F 1-2: Foul Ball, location: 2F 1-2: Foul Ball, location: 2F 1-2: DOUBLE (Line Drive, 8LXD, EV 113.8 MPH)
|
|
Batting: RHB Omar Cruz
|
0-0: Ball 1-0: Foul Ball, location: 2F 1-1: Ball 2-1: Ground out 4-3 (Groundball, 4, EV 103.8 MPH) Lance Borgen to third
|
|
Batting: RHB Joe Kirschner
|
0-0: Ball 1-0: Called Strike 1-1: Ball 2-1: Foul Ball, location: 2F 2-2: Ball 3-2: Foul Ball, location: 2F 3-2: Foul Ball, location: 2F 3-2: Foul Ball, location: 2F 3-2: Base on Balls
|
|
Batting: RHB Bobby Merritt
|
0-0: Ball 1-0: Called Strike 1-1: Foul Ball, location: 2F 1-2: Foul Ball, location: 2F 1-2: Ground out 2-3 (Groundball, 2R, EV 68.8 MPH)
|
| Bottom of the 2nd over - 0 runs, 1 hit, 0 errors, 2 left on base; Oklahoma State University 0 - University of Illinois 1 |
| TOP OF THE 3RD |
|
Oklahoma State University Cowboys batting - Pitching for University of Illinois Fighting Illini : RHP Luis Pena
|
|
Batting: RHB Rory Cardosi
|
0-0: Foul Ball, location: 2F 0-1: Ground out 5-3 (Groundball, 56, EV 101.2 MPH)
|
|
Batting: RHB Jose Lopez
|
0-0: Ball 1-0: Fly out, F7 (Flyball, 7LSF, EV 81.2 MPH)
|
|
Batting: RHB Estevan Alvarez
|
0-0: Ball 1-0: Ball 2-0: Ground out 5-3 (Groundball, 56, EV 82.5 MPH)
|
| Top of the 3rd over - 0 runs, 0 hits, 0 errors, 0 left on base; Oklahoma State University 0 - University of Illinois 1 |
| BOTTOM OF THE 3RD |
|
University of Illinois Fighting Illini batting - Pitching for Oklahoma State University Cowboys : LHP Zach Richards
|
|
Batting: RHB Lynn Shere
|
0-0: Ball 1-0: Ball 2-0: Ball 3-0: Called Strike 3-1: Base on Balls
|
|
Batting: RHB James Lewis
|
0-0: Ball 1-0: Ball 2-0: Called Strike 2-1: Called Strike 2-2: Ground out 4-3 (Groundball, 34, EV 96.9 MPH) Lynn Shere to second
|
|
Pitching: RHP Rien Klinkenberg
|
|
|
Batting: LHB Stuart Parker
|
0-0: Ball 1-0: Ball 2-0: Ball 3-0: Called Strike 3-1: Base on Balls
|
|
Batting: RHB D.J. Sheldon
|
0-0: Ball 1-0: Foul Ball, location: 2F 1-1: Ball 2-1: Called Strike 2-2: Strikes out swinging
|
|
Batting: RHB Matt Lapthorne
|
0-0: Ball 1-0: Fly out, F6 (Popup, 15S, EV 93.1 MPH)
|
| Bottom of the 3rd over - 0 runs, 0 hits, 0 errors, 2 left on base; Oklahoma State University 0 - University of Illinois 1 |
| TOP OF THE 4TH |
|
Oklahoma State University Cowboys batting - Pitching for University of Illinois Fighting Illini : RHP Luis Pena
|
|
Batting: RHB Frederik Koster
|
0-0: Ball 1-0: Fly out, F8 (Flyball, 8LS, EV 88.8 MPH)
|
|
Batting: RHB Jon Guzman
|
0-0: Called Strike 0-1: Ball 1-1: Foul Ball, location: 2F 1-2: Foul Ball, location: 2F 1-2: Strikes out swinging
|
|
Batting: LHB Kyle David
|
0-0: Ball 1-0: Foul Ball, location: 2F 1-1: Ball 2-1: Foul Ball, location: 2F 2-2: Ball 3-2: Fly out, F6 (Popup, 6, EV 64.4 MPH)
|
| Top of the 4th over - 0 runs, 0 hits, 0 errors, 0 left on base; Oklahoma State University 0 - University of Illinois 1 |
| BOTTOM OF THE 4TH |
|
University of Illinois Fighting Illini batting - Pitching for Oklahoma State University Cowboys : RHP Rien Klinkenberg
|
|
Batting: RHB Lance Borgen
|
0-0: Ball 1-0: Swinging Strike 1-1: Ball 2-1: Ball 3-1: Foul Ball, location: 2F 3-2: Foul Ball, location: 2F 3-2: Base on Balls
|
|
Batting: RHB Omar Cruz
|
0-0: Called Strike 0-1: Fly out, F9 (Flyball, 9, EV 96.2 MPH)
|
|
Batting: RHB Joe Kirschner
|
0-0: Ball 1-0: Ball 2-0: Called Strike 2-1: Ball 3-1: Called Strike 3-2: Fly out, F9 (Flyball, 9D, EV 95.6 MPH)
|
|
Batting: RHB Bobby Merritt
|
0-0: Ball 1-0: Foul Ball, location: 2F 1-1: Ball 2-1: Fielders Choice at 2nd, 6-4 (Groundball, 6, EV 100.0 MPH)
|
| Bottom of the 4th over - 0 runs, 0 hits, 0 errors, 1 left on base; Oklahoma State University 0 - University of Illinois 1 |
| TOP OF THE 5TH |
|
Oklahoma State University Cowboys batting - Pitching for University of Illinois Fighting Illini : RHP Luis Pena
|
|
Batting: LHB Cory Rohr
|
0-0: Ball 1-0: Swinging Strike 1-1: Ball 2-1: Called Strike 2-2: Ball 3-2: Fly out, F7 (Line Drive, 78M, EV 104.4 MPH)
|
|
Batting: RHB Magnus Laursen
|
0-0: DOUBLE (Flyball, 9D, EV 91.9 MPH)
|
|
Batting: RHB Simon Gravitt
|
0-0: Called Strike 0-1: Ball 1-1: Ball 2-1: Ball 3-1: SINGLE (Line Drive, 7S, EV 105.6 MPH) Magnus Laursen to third
|
|
Batting: RHB Rory Cardosi
|
0-0: Called Strike 0-1: Ball 1-1: Called Strike 1-2: Ball 2-2: SINGLE (Groundball, 56S, EV 67.5 MPH) (infield hit) Magnus Laursen scores Simon Gravitt to second
|
|
Batting: RHB Jose Lopez
|
0-0: Swinging Strike 0-1: Ball 1-1: Fielders Choice at 2nd, 5-4 (Groundball, 56, EV 87.5 MPH) Simon Gravitt to third
|
|
Batting: RHB Estevan Alvarez
|
0-0: Ground out 4-3 (Groundball, 34, EV 86.9 MPH)
|
| Top of the 5th over - 1 run, 3 hits, 0 errors, 2 left on base; Oklahoma State University 1 - University of Illinois 1 |
| BOTTOM OF THE 5TH |
|
University of Illinois Fighting Illini batting - Pitching for Oklahoma State University Cowboys : RHP Rien Klinkenberg
|
|
Batting: RHB Lynn Shere
|
0-0: Ball 1-0: DOUBLE (Line Drive, 78XD, EV 97.5 MPH)
|
|
Batting: RHB James Lewis
|
0-0: Called Strike 0-1: Sac Bunt to 15 - play at first, batter OUT! 1-3 Lynn Shere to third
|
|
Batting: LHB Stuart Parker
|
0-0: Ball 1-0: Called Strike 1-1: Foul Ball, location: 2F 1-2: Ground out 6-3 (Groundball, 6, EV 101.9 MPH) Lynn Shere scores
|
|
Batting: RHB D.J. Sheldon
|
0-0: Ball 1-0: Foul Ball, location: 2F 1-1: Swinging Strike 1-2: Ball 2-2: Ball 3-2: Fly out, F8 (Flyball, 8RS, EV 77.5 MPH)
|
| Bottom of the 5th over - 1 run, 1 hit, 0 errors, 0 left on base; Oklahoma State University 1 - University of Illinois 2 |
| TOP OF THE 6TH |
|
Oklahoma State University Cowboys batting - Pitching for University of Illinois Fighting Illini : RHP Luis Pena
|
|
Batting: RHB Frederik Koster
|
0-0: Ball 1-0: Ball 2-0: Called Strike 2-1: Foul Ball, location: 2F 2-2: Reached on error, E5 (Groundball, 56, EV 105.6 MPH)
|
|
Pitching: RHP Mo Teoh
|
|
|
Batting: RHB Jon Guzman
|
0-0: Called Strike Frederik Koster steals 2nd base 0-1: Called Strike 0-2: Ball 1-2: Ball 2-2: SINGLE (Line Drive, 89S, EV 96.2 MPH) Frederik Koster to third
|
|
Batting: LHB Kyle David
|
0-0: Ball 1-0: 3-RUN HOME RUN (Flyball, 7D, EV 93.8 MPH), Distance : 365 ft
|
|
Batting: LHB Cory Rohr
|
0-0: Called Strike 0-1: Ball 1-1: Ball 2-1: Foul Ball, location: 2F 2-2: Ball 3-2: Foul Ball, location: 2F 3-2: Foul Ball, location: 2F 3-2: Ground out 6-3 (Groundball, 6, EV 110.6 MPH)
|
|
Batting: RHB Magnus Laursen
|
0-0: Called Strike 0-1: Fly out, F7 (Flyball, 7D, EV 108.8 MPH)
|
|
Batting: RHB Simon Gravitt
|
0-0: Called Strike 0-1: DOUBLE (Line Drive, 9LS, EV 89.4 MPH)
|
|
Batting: RHB Rory Cardosi
|
0-0: Foul Ball, location: 2F 0-1: Ball 1-1: Ground out 6-3 (Groundball, 6, EV 105.0 MPH)
|
| Top of the 6th over - 3 runs, 3 hits, 1 error, 1 left on base; Oklahoma State University 4 - University of Illinois 2 |
| BOTTOM OF THE 6TH |
|
University of Illinois Fighting Illini batting - Pitching for Oklahoma State University Cowboys : RHP Rien Klinkenberg
|
|
Pitching: RHP Mick Conner
|
|
|
Batting: RHB Matt Lapthorne
|
0-0: Ball 1-0: Foul Ball, location: 2F 1-1: Foul Ball, location: 2F 1-2: Ground out 6-3 (Groundball, 56D, EV 105.6 MPH)
|
|
Batting: RHB Lance Borgen
|
0-0: Called Strike 0-1: Ball 1-1: Ball 2-1: Ball 3-1: Called Strike 3-2: Strikes out swinging
|
|
Batting: RHB Omar Cruz
|
0-0: Ball 1-0: Foul Ball, location: 2F 1-1: Ball 2-1: Ball 3-1: Foul Ball, location: 2F 3-2: Foul Ball, location: 2F 3-2: Ground out 5-3 (Groundball, 5S, EV 70.0 MPH)
|
| Bottom of the 6th over - 0 runs, 0 hits, 0 errors, 0 left on base; Oklahoma State University 4 - University of Illinois 2 |
| TOP OF THE 7TH |
|
Oklahoma State University Cowboys batting - Pitching for University of Illinois Fighting Illini : RHP Mo Teoh
|
|
Pitching: LHP Ryan Bradshaw
|
|
|
Batting: RHB Jose Lopez
|
0-0: Ball 1-0: Foul Ball, location: 2F 1-1: SOLO HOME RUN (Flyball, 9D, EV 96.9 MPH), Distance : 369 ft
|
|
Batting: RHB Estevan Alvarez
|
0-0: Called Strike 0-1: Ball 1-1: Ball 2-1: Ball 3-1: Called Strike 3-2: Single, Error in OF, E8, batter to second base (Line Drive, 6D, EV 95.6 MPH)
|
|
Batting: RHB Frederik Koster
|
0-0: Called Strike 0-1: Swinging Strike 0-2: Ball 1-2: Strikes out looking
|
|
Batting: RHB Jon Guzman
|
0-0: Ball 1-0: Called Strike 1-1: Swinging Strike 1-2: Foul Ball, location: 2F 1-2: Ball 2-2: Foul Ball, location: 2F 2-2: Ball 3-2: Fly out, F5 (Popup, 5F, EV 65.6 MPH)
|
|
Batting: LHB Kyle David
|
0-0: Intentional Walk
|
|
Batting: LHB Cory Rohr
|
0-0: Swinging Strike 0-1: Ball 1-1: Called Strike 1-2: Ball 2-2: Foul Ball, location: 2F 2-2: Foul Ball, location: 2F 2-2: Ball 3-2: Foul Ball, location: 2F 3-2: Fly out, F7 (Flyball, 7D, EV 94.4 MPH)
|
| Top of the 7th over - 1 run, 2 hits, 1 error, 2 left on base; Oklahoma State University 5 - University of Illinois 2 |
| BOTTOM OF THE 7TH |
|
University of Illinois Fighting Illini batting - Pitching for Oklahoma State University Cowboys : RHP Mick Conner
|
|
Pitching: RHP Santiago Lopez
|
|
|
Batting: RHB Joe Kirschner
|
0-0: Ball 1-0: Ball 2-0: Ball 3-0: Base on Balls
|
|
Batting: RHB Bobby Merritt
|
0-0: Foul Ball, location: 2F 0-1: Fly out, F9 (Flyball, 9S, EV 91.9 MPH)
|
|
Batting: RHB Lynn Shere
|
0-0: Ball 1-0: Called Strike 1-1: Grounds into double play, 4-6-3 (Groundball, 34, EV 86.9 MPH)
|
| Bottom of the 7th over - 0 runs, 0 hits, 0 errors, 0 left on base; Oklahoma State University 5 - University of Illinois 2 |
| TOP OF THE 8TH |
|
Oklahoma State University Cowboys batting - Pitching for University of Illinois Fighting Illini : LHP Ryan Bradshaw
|
|
Pitching: LHP Adam Green
|
|
|
Batting: RHB Magnus Laursen
|
0-0: Ball 1-0: Foul Ball, location: 2F 1-1: Called Strike 1-2: Ball 2-2: Ground out 6-3 (Groundball, 6, EV 91.2 MPH)
|
|
Batting: RHB Simon Gravitt
|
0-0: DOUBLE (Flyball, 78D, EV 101.2 MPH)
|
|
Batting: RHB Rory Cardosi
|
0-0: Called Strike 0-1: Swinging Strike 0-2: Ball 1-2: Foul Ball, location: 2F 1-2: SINGLE (Groundball, 6MD, EV 93.8 MPH) Simon Gravitt to third Runner from 3rd tries for Home, SAFE, throw by CF to home Rory Cardosi to second
|
|
Batting: RHB Jose Lopez
|
0-0: Foul Ball, location: 2F 0-1: Swinging Strike 0-2: SINGLE (Groundball, 56D, EV 108.1 MPH) (infield hit) Rory Cardosi to third
|
|
Batting: RHB Estevan Alvarez
|
0-0: Called Strike 0-1: Ball 1-1: Called Strike 1-2: Foul Ball, location: 2F 1-2: Strikes out looking
|
|
Batting: RHB Frederik Koster
|
0-0: Ball 1-0: Ball 2-0: Ball 3-0: Called Strike 3-1: Called Strike 3-2: Foul Ball, location: 2F 3-2: Strikes out looking
|
| Top of the 8th over - 1 run, 3 hits, 0 errors, 2 left on base; Oklahoma State University 6 - University of Illinois 2 |
| BOTTOM OF THE 8TH |
|
University of Illinois Fighting Illini batting - Pitching for Oklahoma State University Cowboys : RHP Santiago Lopez
|
|
Batting: RHB James Lewis
|
0-0: Ball 1-0: Swinging Strike 1-1: Swinging Strike 1-2: Strikes out swinging
|
|
Batting: LHB Stuart Parker
|
0-0: Foul Ball, location: 2F 0-1: Swinging Strike 0-2: Ground out U3 (Groundball, 34S, EV 88.8 MPH)
|
|
Batting: RHB D.J. Sheldon
|
0-0: Foul Ball, location: 2F 0-1: Ball 1-1: Swinging Strike 1-2: Foul Ball, location: 2F 1-2: Fly out, F9 (Line Drive, 9, EV 91.9 MPH)
|
| Bottom of the 8th over - 0 runs, 0 hits, 0 errors, 0 left on base; Oklahoma State University 6 - University of Illinois 2 |
| TOP OF THE 9TH |
|
Oklahoma State University Cowboys batting - Pitching for University of Illinois Fighting Illini : LHP Adam Green
|
|
Pitching: RHP Ross Ledford
|
|
|
Batting: RHB Jon Guzman
|
0-0: Ball 1-0: Foul Ball, location: 2F 1-1: Foul Ball, location: 2F 1-2: Ball 2-2: Fly out, F8 (Line Drive, 8LM, EV 91.2 MPH)
|
|
Batting: LHB Kyle David
|
0-0: Ball 1-0: Called Strike 1-1: Ground out 6-3 (Groundball, 6M, EV 89.4 MPH)
|
|
Batting: LHB Cory Rohr
|
0-0: Ground out 5-3 (Groundball, 56S, EV 90.0 MPH)
|
| Top of the 9th over - 0 runs, 0 hits, 0 errors, 0 left on base; Oklahoma State University 6 - University of Illinois 2 |
| BOTTOM OF THE 9TH |
|
University of Illinois Fighting Illini batting - Pitching for Oklahoma State University Cowboys : RHP Santiago Lopez
|
|
Pitching: LHP Julian Judge
|
|
|
Batting: RHB Matt Lapthorne
|
0-0: Foul Ball, location: 2F 0-1: Ball 1-1: Ball 2-1: Called Strike 2-2: Fly out, F4 (Popup, 34, EV 74.4 MPH)
|
|
Batting: RHB Lance Borgen
|
0-0: Ball 1-0: Called Strike 1-1: Called Strike 1-2: Strikes out swinging
|
|
Batting: RHB Omar Cruz
|
0-0: Ball 1-0: Fly out, F3 (Popup, 3SF, EV 71.2 MPH)
|
| Bottom of the 9th over - 0 runs, 0 hits, 0 errors, 0 left on base; Oklahoma State University 6 - University of Illinois 2 |
|